 Dungeon Crawl Stone Soup version 0.16-a0-2038-g968ce0a (webtiles) character file.

248 Fiveotanaka the Chopper (level 5, -2/45 HPs)
             Began as a Minotaur Fighter on Nov 11, 2014.
             Was a Follower of Okawaru.
             Slain by Crazy Yiuf
             ... wielding a +4 quarterstaff of chaos
              (9 damage)
             ... while paralysed by Crazy Yiuf
             ... on level 3 of the Dungeon.
             The game lasted 00:08:23 (2066 turns).

Fiveotanaka the Chopper (Minotaur Fighter)          Turns: 2066, Time: 00:08:23

Health: -2/45      AC:  9    Str: 20    XL:     5   Next: 86%
Magic:  2/2        EV:  2    Int:  5    God:    Okawaru [*.....]
Gold:   105        SH:  0    Dex: 11    Spells: 0 memorised, 4 levels left

rFire  . . .     SeeInvis .     a - +0 war axe
rCold  . . .     Clarity  .     i - +0 chain mail (curse)
rNeg   . . .     SustAb   .     c - +0 shield
rPois  .         Gourm    .     (helmet restricted)
rElec  .         Spirit   .     (no cloak)
rCorr  .         Warding  .     (no gloves)
rMut   .         Stasis   .     (no boots)
MR     .....                    (no amulet)
Stlth  ..........               v - ring of stealth
                                r - ring of flight

@: paralysed, drained, not resistant to hostile enchantments, extremely
unstealthy
A: retaliatory headbutt, horns 2
a: Heroism, Renounce Religion, Evoke Flight


You were on level 3 of the Dungeon.
You worshipped Okawaru.
Okawaru was aware of your devotion.
You were not hungry.

You visited 1 branch of the dungeon, and saw 3 of its levels.

You collected 105 gold pieces.

Inventory:

Hand weapons
 a - a +0 war axe (weapon)
Armour
 b - a +0 scale mail
 c - a +0 shield (worn)
 i - a cursed +0 chain mail (worn)
Jewellery
 r - a ring of flight (left hand)
 v - a ring of stealth (right hand)
Scrolls
 f - a scroll of enchant armour {unknown}
 g - a scroll of amnesia
 h - a scroll of teleportation
 k - 2 scrolls of remove curse {unknown}
 l - a scroll of fog {unknown}
 m - a scroll of random uselessness {unknown}
 n - a scroll of enchant weapon {unknown}
 u - a scroll of blinking
Potions
 e - a potion of might
 j - a potion of confusion {unknown}
 o - a potion of flight {unknown}
 q - a potion of invisibility {unknown}
 t - a potion of restore abilities {unknown}
 w - a potion of brilliance {unknown}
Comestibles
 d - 6 bread rations
 p - 3 meat rations
 s - a beef jerky


   Skills:
 - Level 3.6(3.3) Fighting
 + Level 7.5(7.2) Axes
 - Level 3.6(3.3) Armour
 - Level 3.6(3.3) Shields


You had 4 spell levels left.
You didn't know any spells.

Dungeon Overview and Level Annotations

Branches:
Dungeon (3/15)

Altars:
Okawaru
Yredelemnul

Annotations:
D:3 Crazy Yiuf


Innate Abilities, Weirdness & Mutations

You reflexively headbutt those who attack you in melee.
You have a pair of horns on your head.


Message History

You block Crazy Yiuf's attack.
Your chain mail prevents you from hitting Crazy Yiuf.
Crazy Yiuf is heavily wounded.
Crazy Yiuf completely misses you.
You barely miss Crazy Yiuf.
Crazy Yiuf is heavily wounded.
You block Crazy Yiuf's attack.
You hit Crazy Yiuf but do no damage.
Crazy Yiuf is heavily wounded.
Crazy Yiuf hits you with a quarterstaff of chaos.
You suddenly lose the ability to move!
Crazy Yiuf hits you with a quarterstaff of chaos.
Crazy Yiuf burns you.
Crazy Yiuf hits you with a quarterstaff of chaos.
Crazy Yiuf burns you.
Crazy Yiuf hits you with a quarterstaff of chaos.
You are electrocuted!
* * * LOW HITPOINT WARNING * * *
Crazy Yiuf hits you with a quarterstaff of chaos!
You die...

#.(##### ##..##
#...#..# ♣....♣
#.#(#.## ♣...♣♣
#...#.## ♣♣.♣♣
##......# ♣.♣♣
####<....###
♣♣.♣
....####.###
♣.♣♣
###.#......#
♣♣.♣ #.#.....##
#@# ###.#......#
#.g)#
....#.....##
#)).#
..........##
#).)#
...........#
#####
#........#.#
)..........#####
#..............#
#......###..##.#


You could see Crazy Yiuf.

Vanquished Creatures
  A sky beast (D:3)
  An orc priest (D:3)
  Terence (D:3)
  2 adders
  A giant mite (D:2)
  2 worms (D:3)
  2 giant geckos (D:2)
  7 orcs (D:3)
  6 bats
  3 giant cockroaches
  6 goblins
  7 hobgoblins
  7 jackals (D:1)
  A ball python (D:3)
  4 giant newts (D:3)
  6 kobolds
  A quokka (D:3)
  9 rats
  A spectral orc (D:2)
68 creatures vanquished.

Notes
Turn   | Place    | Note
--------------------------------------------------------------
     0 | D:1      | Fiveotanaka, the Minotaur Fighter, began the quest for the Orb.
     0 | D:1      | Reached XP level 1. HP: 19/19 MP: 1/1
     0 | D:1      | Noticed a troll zombie
     1 | D:1      | Noticed a human zombie
     3 | D:1      | Noticed a formicid zombie
     6 | D:1      | Noticed a merfolk zombie
    10 | D:1      | Noticed a draconian zombie
    14 | D:1      | Noticed an elf zombie
    16 | D:1      | Noticed a formicid zombie
    16 | D:1      | Noticed a formicid zombie
    18 | D:1      | Noticed a formicid zombie
    30 | D:1      | Found an iron altar of Okawaru.
    36 | D:1      | Became a worshipper of Warmaster Okawaru
   174 | D:1      | Reached XP level 2. HP: 26/26 MP: 1/1
   573 | D:1      | Reached skill level 4 in Axes
   857 | D:1      | Reached XP level 3. HP: 31/31 MP: 2/2
  1164 | D:2      | Reached skill level 5 in Axes
  1283 | D:2      | Found a basalt altar of Yredelemnul.
  1366 | D:3      | Noticed Terence
  1385 | D:3      | Killed Terence
  1385 | D:3      | Reached XP level 4. HP: 39/39 MP: 2/2
  1750 | D:3      | Noticed a sky beast
  1861 | D:3      | Reached skill level 6 in Axes
  1888 | D:3      | Killed a sky beast
  1888 | D:3      | Acquired Okawaru's first power
  1888 | D:3      | Reached skill level 7 in Axes
  1888 | D:3      | Reached XP level 5. HP: 28/45 MP: 2/2
  2053 | D:3      | Noticed Crazy Yiuf
  2062 | D:3      | Paralysed by Crazy Yiuf for 6 turns
  2066 | D:3      | Slain by Crazy Yiuf

Action                   |  1- 3 |  4- 6 || total
-------------------------+-------+-------++-------
Melee: War axe           |   102 |    70 ||   172
  Use: Scroll            |       |     3 ||     3
  Eat: Chunk             |     1 |     3 ||     4
